AoeStats
← O grande

Arabia

508076644Analyzed
1v1 RM · 10d ago on Sep 20, 2026· 55m 32s· 2 players
Game mode
Random Map
Map size
Tiny (2 player)
Population
200
Speed
Normal
Resources
Standard
Victory
Conquest
Starting age
Dark Age
Ending age
Imperial Age
RankedLock teamsTeams togetherTeam positionsShared explorationLock speedFull tech treeHidden civsTurbo modeCheats
Victory
Defeat
🇧🇷 Shu · Brazil
2052
+13
🇩🇪 Poles · Germany
1993
-13
beta55
6:33 Loom
9:01 Feudal Age
9:58 Horse Collar
12:50 Double-Bit Axe
21:48 Castle Age
20:08 Stone Mining
20:16 Gold Mining
21:47 Scale Barding Armor
22:35 Bloodlines
22:52 Heavy Plow
23:03 Bow Saw
24:28 Szlachta Privileges
25:10 Scale Mail Armor
26:56 Chain Barding Armor
29:17 Forging
31:47 Wheelbarrow
34:23 Husbandry
38:31 Iron Casting
43:41 Hand Cart
47:35 Imperial Age
45:18 Town Watch
45:25 Fletching
45:54 Padded Archer Armor
46:13 Bodkin Arrow
46:05 Elite Skirmisher
48:19 Bracer
48:33 Thumb Ring
48:50 Conscription
48:21 Cavalier
50:23 Blast Furnace
50:11 Crop Rotation
51:55 Light Cavalry
53:01 Lechitic Legacy
52:16 Capped Ram
53:29 Ballistics
54:09 Chemistry
54:43 Leather Archer Armor
54:08 Winged Hussar
O grande
6:33 Loom
8:57 Feudal Age
9:03 Man-at-Arms
13:34 Double-Bit Axe
21:00 Castle Age
18:55 Horse Collar
19:20 Gold Mining
20:42 Fletching
21:49 Bodkin Arrow
22:15 Bow Saw
30:38 Imperial Age
29:54 Ballistics
30:30 Wheelbarrow
29:40 Town Watch
30:29 Scale Mail Armor
29:58 Pikeman
30:43 Crossbowman
31:30 Bracer
32:48 Chemistry
33:12 Thumb Ring
33:37 Padded Archer Armor
35:15 Masonry
34:51 Arbalester
37:31 Chain Mail Armor
39:06 Plate Mail Armor
39:30 Heavy Plow
40:35 Squires
40:47 Forging
40:47 Halberdier
41:12 Arson
48:13 Leather Archer Armor
48:59 Hand Cart
49:21 Gold Shaft Mining
50:02 Two-Man Saw
48:54 Stone Mining
49:09 Gambesons
49:56 Ring Archer Armor
50:01 Long Swordsman
51:12 Conscription
52:14 Coiled Serpent Array
52:23 Guard Tower
52:18 Arrowslits
52:48 Arrowslits
53:35 Architecture
53:01 Murder Holes
53:36 Elite White Feather Guard
55:01 Hoardings
54:41 Siege Engineers
56:08 Town Patrol
Connection lost

Rejoining the realm…

Still unreachable

The connection could not be restored.

Session expired

The server has moved on; the page needs a fresh start.